 Dungeon Crawl Stone Soup version 0.31.0-1-g2c135a008e (webtiles) character file.

Game seed: 9353986574097177380

105 qw the Shooter (level 5, 0/40 HPs)
             Began as a Djinni Hunter on Jan 24, 2024.
             Slain by a goblin
             ... wielding a +0 dagger
             ... led by Robin
              (4 damage)
             ... on level 3 of the Dungeon.
             The game lasted 00:00:05 (1483 turns).

qw the Shooter (Djinni Hunter)                      Turns: 1483, Time: 00:00:06

Health: 0/40       AC:  3    Str: 10    XL:     5   Next: 8%
Gold:   129        EV: 13    Int: 10    God:
                   SH:  0    Dex: 19

rFire   + + .        a - +1 shortbow
rCold   x . .        (shield currently unavailable)
rNeg    . . .        c - +0 leather armour
rPois   inf          (no helmet)
rElec   .            (no cloak)
rCorr   .            (no gloves)
SInv    .            (boots unavailable)
Will    .....        d - amulet of faith
Stlth   ++           (no ring)
HPRegen 0.26/turn    (no ring)
MPRegen 0.00/turn

%: faith, infuse magic (-1 HP)
@: flying
A: sickness immunity, fire resistance 2, cold vulnerability 1, float, innate
caster, HP casting, extra vitality 1
a: no special abilities


You were on level 3 of the Dungeon.
You visited 1 branch of the dungeon, and saw 3 of its levels.

You collected 129 gold pieces.


Innate Abilities, Weirdness & Mutations

You are immune to sickness and miasma.
You are immune to poison.
Your flesh is very heat resistant. (rF++)
You are vulnerable to cold. (rC-)
You float through the air rather than walking.
You learn spells naturally, not from books.
Your magical power is your life essence.
You have superior vitality. (+4 MHP)


   Skills:
 - Level 3.1 Fighting
 + Level 4.1 Ranged Weapons
 - Level 3.1 Dodging
 - Level 0.7 Stealth


You knew the following spells:

 Your Spells              Type           Power      Damage    Failure   Level
a - Slow                  Hex            0%         N/A       45%         1
b - Searing Ray           Conj           0%         2d4       61%         2
Your spell library was empty.

Inventory:

Hand Weapons
 a - a +1 shortbow (weapon)
Armour
 c - a +0 leather armour (worn)
Jewellery
 d - an amulet of faith (around neck)
Scrolls
 e - a scroll of noise {unknown}
 f - a scroll of identify {unknown}
Potions
 b - a potion of degeneration {unknown}

Dungeon Overview and Level Annotations

Branches:
Dungeon (3/15)

Altars:
Gozag

Annotations:
D:3 Robin


Message History

You shoot an arrow. The arrow hits the goblin.
You kill the goblin!
The goblin hits you with a +0 dagger.
Robin roars a battlecry!
The goblin goes into a battle-frenzy!
You shoot an arrow. The arrow barely misses the goblin.
The arrow closely misses the hobgoblin.
The goblin no longer looks unusually strong. x3
The hobgoblin no longer looks unusually strong.
The goblin misses you. The goblin hits you with a +0 dagger.
Robin barely misses you. Robin throws the goblin at you!
The goblin hits you with a +0 dagger. The goblin misses you.
You shoot an arrow. The arrow barely misses the goblin.
The hobgoblin closely misses you. The goblin closely misses you.
The goblin hits you but does no damage. Robin hits you but does no damage.
You shoot an arrow. The arrow barely misses the goblin.
The hobgoblin closely misses you. The goblin completely misses you.
The goblin misses you.
Robin roars a battlecry!
The goblins go into a battle-frenzy!
You shoot an arrow. The arrow hits the goblin!
You kill the goblin!
The hobgoblin hits you but does no damage.
The goblin hits you but does no damage.
Robin hits you from afar with a +0 spear.
The goblin hits you but does no damage.
You shoot an arrow.
The arrow hits the goblin but does no damage.
The hobgoblin barely misses you. The goblin hits you with a +0 dagger.
Robin throws the goblin at you! The goblin misses you.
The goblin hits you with a +0 dagger.
You shoot an arrow. The arrow hits the goblin.
The goblin is heavily wounded.
The hobgoblin hits you.
Robin hits you from afar with a +0 spear.
The goblin closely misses you. The goblin misses you. x2
The goblin closely misses you.
The hobgoblin hits you but does no damage.
The goblin hits you with a +0 dagger.
You die...

##..>#.##.#......
##..#.##.###.###
# #..#.##.# # ..
#..#<...# # .).
#...)..# # ....
###.##)#.# #
..... #....#)# #
# .....g##.####.#
####
.....)g@g.....#
....
......ggg.....#
####
#####........_#
### ####......#
... ######## ###


You could see Robin, 2 hobgoblins and 3 goblins.

Vanquished Creatures
  An orc priest (D:3)
  3 gnolls (D:3)
  A ribbon worm (D:2)
  4 orcs (D:3)
  4 endoplasms
  A giant cockroach (D:2)
  3 hobgoblins (D:1)
  A kobold (D:2)
  3 quokkas
  3 ball pythons
  2 bats (D:1)
  3 frilled lizards (D:1)
  7 goblins
  4 rats
40 creatures vanquished.

Notes
Turn   | Place    | Note
-------+----------+-------------------------------------------
     0 | D:1      | qw the Djinni Hunter began the quest for the Orb.
     0 | D:1      | Reached XP level 1. HP: 18/18 MP: 0/0
     0 | D:1      | 0 ||| qw: Version: 0.3-a-136-gdd3b4e8
     0 | D:1      | 0 ||| qw: Game counter: 1324
     0 | D:1      | 0 ||| qw: Melee chars always use a shield: true
     0 | D:1      | 0 ||| qw: God list: Okawaru
     0 | D:1      | 0 ||| qw: Allow faded altars: false
     0 | D:1      | 0 ||| qw: Do Orc after clearing Dungeon:15 true
     0 | D:1      | 0 ||| qw: Do second Lair branch before Depths: true
     0 | D:1      | 0 ||| qw: Lair rune preference: random
     0 | D:1      | 0 ||| qw: Goals: Normal
     0 | D:1      | 0 ||| PLANNING D:1-11
   143 | D:1      | Reached XP level 2. HP: 23/23 MP: 0/0
   727 | D:1      | 727 ||| UPGRADING to amulet of faith.
   732 | D:1      | 732 ||| READING scroll labelled QATRETEDACS.
   773 | D:1      | 773 ||| DROPPING scroll of butterflies.
   861 | D:2      | Reached skill level 4 in Ranged Weapons
   861 | D:2      | Reached XP level 3. HP: 15/28 MP: 0/0
   861 | D:2      | Learned a level 1 spell: Slow
  1109 | D:2      | 1109 ||| READING scroll labelled HYINEX DOHARAT.
  1109 | D:2      | 1109 ||| ENCHANTING +0 shortbow.
  1283 | D:3      | Reached XP level 4. HP: 31/34 MP: 0/0
  1285 | D:3      | Reached skill level 3 in Fighting
  1296 | D:3      | Found an opulent altar of Gozag.
  1302 | D:3      | Found an opulent altar of Gozag.
  1302 | D:3      | Found an opulent altar of Gozag.
  1339 | D:3      | Found a faded altar of an unknown god.
  1360 | D:3      | Reached skill level 3 in Dodging
  1367 | D:3      | Reached XP level 5. HP: 18/40 MP: 0/0
  1367 | D:3      | Learned a level 2 spell: Searing Ray
  1464 | D:3      | Noticed Robin
  1483 | D:3      | HP: 6/40 [hobgoblin[Robin] (6)]
  1483 | D:3      | Slain by a goblin

Levels and vault maps discovered:
D:1:      dpeg_arrival_court, layout_loops_ring
D:2:      layout_rooms, grunt_decor_cap, minmay_tetromino_l2
D:3:      layout_basic, grunt_qazlal_clouds, mainiacjoe_overflow_boulevard,
          nicolae_gozag_conspicuous_consumption, basic_ecumenical_altar,
          uniq_robin, uniq_sigmund

Skill      XL: |  1  2  3  4 |
---------------+-------------+-----
Ranged Weapons | 4 |  4.1
Fighting       | 3 |  3.1
Dodging        | 3 |  3.1
Stealth        | |  0.7

Action                     |  1- 3 |  4- 6 || total
---------------------------+-------+-------++-------
   Fire: Shortbow          |    93 |    50 ||   143
    Use: Scroll            |     2 |       ||     2
 Armour: Leather armour    |    20 |    35 ||    55
  Dodge: Dodged            |    27 |    40 ||    67

Table legend:
 A = Non-vault XP
 B = Vault XP
 C = Vault XP percentage of total XP
 D = Non-vault monster count
 E = Vault monster count
 F = Vault count percentage of total count
                 A         B        C        D         E       F
            +---------+---------+-------+---------+---------+-------
      Total |     137 |      13 |   8.7 |      32 |       8 |  20.0
            +---------+---------+-------+---------+---------+-------
        D:1 |      22 |       0 |   0.0 |      15 |       0 |   0.0
        D:2 |      17 |       2 |  10.5 |       8 |       2 |  20.0
        D:3 |      98 |      11 |  10.1 |       9 |       6 |  40.0
            +---------+---------+-------+---------+---------+-------
